AoeStats
← Griphusinvictus

Lombardia

507822298Analyzed
4v4 RM · 13d ago on Sep 19, 2026· 80m 27s· 8 players
Game mode
Random Map
Map size
Large (8 player)
Population
200
Speed
Normal
Resources
Standard
Victory
Conquest
Starting age
Dark Age
Ending age
Imperial Age
RankedLock teamsTeams togetherTeam positionsShared explorationLock speedFull tech treeHidden civsTurbo modeCheats
Victory
Defeat
🇫🇷 Poles · France
1560
+10
🇫🇷 Saracens · France
1539
+11
🇳🇱 Britons · Netherlands
1463
+14
🇫🇷 Persians · France
1323
+21
🇸🇪 Persians · Sweden
1474
-16
🇭🇰 Spanish · Hong Kong SAR China
1426
-14
🇨🇭 Cumans · Switzerland
1408
-13
🇸🇪 Britons · Sweden
1396
-13
lorddoc
4:57 Loom
9:28 Feudal Age
12:57 Horse Collar
22:24 Castle Age
21:41 Wheelbarrow
21:35 Double-Bit Axe
26:19 Padded Archer Armor
26:56 Fletching
27:38 Bodkin Arrow
31:47 Leather Archer Armor
32:55 Bow Saw
34:10 Ballistics
40:04 Imperial Age
38:30 Heavy Plow
40:15 Bloodlines
40:56 Thumb Ring
41:31 Conscription
41:47 Ring Archer Armor
41:57 Parthian Tactics
42:47 Gold Mining
46:49 Elite Kipchak
49:29 Chemistry
49:31 Hand Cart
51:38 Caravan
60:58 Coinage
61:58 Two-Man Saw
68:16 Capped Ram
69:08 Siege Ram
70:56 Masonry
Ak-guy
10:56 Feudal Age
15:20 Castle Age
13:18 Double-Bit Axe
13:41 Horse Collar
17:33 Bow Saw
22:40 Heavy Plow
23:04 Loom
24:55 Wheelbarrow
24:40 Gold Mining
25:52 Hand Cart
26:08 Scale Barding Armor
28:16 Bloodlines
28:06 Husbandry
30:39 Gold Shaft Mining
31:39 Forging
34:05 Chain Barding Armor
34:21 Iron Casting
37:34 Imperial Age
36:33 Devotion
37:13 Heavy Camel Rider
38:26 Conscription
37:26 Elite War Elephant
38:54 Caravan
39:53 Plate Barding Armor
40:19 Blast Furnace
42:43 Chemistry
41:55 Masonry
44:42 Fletching
53:39 Two-Man Saw
56:40 Crop Rotation
64:55 Two-Man Saw
68:46 Faith
70:49 Guilds
72:20 Cavalier
Griphusinvictus
6:23 Loom
10:53 Feudal Age
14:57 Castle Age
14:39 Double-Bit Axe
21:25 Fletching
21:14 Crossbowman
25:37 Bodkin Arrow
28:23 Padded Archer Armor
31:50 Ballistics
31:40 Town Watch
33:05 Leather Archer Armor
33:54 Wheelbarrow
40:16 Imperial Age
40:21 Arbalester
41:02 Bracer
41:33 Ring Archer Armor
41:44 Scale Mail Armor
41:05 Pikeman
41:46 Squires
42:52 Chemistry
43:15 Caravan
44:33 Hand Cart
45:15 Conscription
45:18 Yeomen
47:50 Bow Saw
47:22 Elite Longbowman
50:12 Gold Mining
53:05 Warwolf
55:07 Siege Engineers
55:22 Halberdier
58:19 Masonry
57:50 Treadmill Crane
59:34 Fortified Wall
61:57 Hoardings
61:58 Chain Mail Armor
61:54 Forging
62:27 Town Patrol
63:38 Plate Mail Armor
64:42 Arson
67:18 Architecture
67:05 Murder Holes
明月清风
7:47 Loom
11:59 Feudal Age
16:47 Castle Age
14:45 Double-Bit Axe
15:17 Horse Collar
18:54 Bow Saw
22:41 Gold Mining
23:56 Padded Archer Armor
26:02 Leather Archer Armor
27:42 Husbandry
27:53 Bloodlines
31:58 Stone Mining
34:17 Wheelbarrow
38:29 Imperial Age
38:41 Elite Conquistador
39:42 Conscription
39:54 Ring Archer Armor
39:42 Guilds
42:38 Chemistry
42:42 Hand Cart
46:02 Caravan
47:29 Hoardings
47:18 Supremacy
49:10 Masonry
48:57 Murder Holes
48:45 Sappers
49:54 Stone Shaft Mining
50:32 Fletching
52:07 Architecture
51:59 Ballistics
52:10 Fervor
52:21 Sanctity
52:44 Theocracy
53:17 Block Printing
53:15 Redemption
53:37 Illumination
54:50 Devotion
55:57 Bombard Tower
55:50 Fortified Wall
77:29 Atonement
FLEJEUNE
11:00 Feudal Age
12:13 Double-Bit Axe
14:02 Horse Collar
16:28 Castle Age
15:37 Bloodlines
16:42 Scale Barding Armor
16:48 Gold Mining
18:21 Town Watch
19:40 Wheelbarrow
21:08 Husbandry
21:57 Gold Shaft Mining
22:30 Bow Saw
23:33 Chain Barding Armor
23:59 Husbandry
24:11 Forging
27:57 Loom
34:28 Stone Mining
34:39 Heavy Plow
35:23 Iron Casting
37:54 Imperial Age
36:44 Fletching
37:15 Ballistics
37:37 Bow Saw
38:39 Hand Cart
39:05 Caravan
39:48 Guilds
43:02 Conscription
42:03 Elite War Elephant
44:12 Plate Barding Armor
44:38 Blast Furnace
45:09 Bodkin Arrow
46:16 Chemistry
45:48 Citadels
51:22 Masonry
51:48 Devotion
53:03 Architecture
56:29 Two-Man Saw
56:51 Faith
74:23 Coinage
77:01 Banking
Hugo4774
9:54 Loom
12:56 Feudal Age
16:34 Castle Age
14:30 Double-Bit Axe
15:11 Horse Collar
17:27 Wheelbarrow
17:41 Bow Saw
18:37 Heavy Plow
23:54 Forging
27:42 Hand Cart
27:12 Town Watch
33:03 Imperial Age
31:49 Iron Casting
31:24 Scale Barding Armor
31:52 Town Patrol
32:39 Gold Mining
33:21 Caravan
33:58 Chain Barding Armor
34:08 Conscription
34:12 Stone Mining
34:52 Bloodlines
34:43 Husbandry
36:15 Blast Furnace
35:50 Plate Barding Armor
35:20 Fletching
35:44 Fortified Wall
35:39 Elite Mameluke
37:28 Chemistry
36:31 Padded Archer Armor
38:51 Bodkin Arrow
41:36 Bracer
47:50 Two-Man Saw
47:48 Siege Engineers
47:53 Masonry
47:38 Murder Holes
47:24 Treadmill Crane
48:44 Leather Archer Armor
49:13 Onager
51:01 Ring Archer Armor
51:16 Counterweights
51:31 Bimaristan
51:06 Siege Onager
52:55 Ballistics
54:21 Gold Shaft Mining
61:11 Light Cavalry
62:55 Hussar
66:36 Hoardings
68:06 Coinage
72:34 Fervor
72:45 Sanctity
78:52 Devotion
Sac a dos
3:44 Loom
9:20 Feudal Age
10:05 Double-Bit Axe
11:28 Horse Collar
17:00 Wheelbarrow
18:40 Forging
18:48 Scale Barding Armor
20:53 Castle Age
19:22 Gold Mining
20:39 Bloodlines
21:01 Light Cavalry
22:04 Chain Barding Armor
21:59 Bow Saw
23:07 Husbandry
36:11 Imperial Age
34:39 Iron Casting
36:18 Heavy Plow
36:35 Szlachta Privileges
36:36 Cavalier
38:48 Blast Furnace
40:30 Crop Rotation
40:27 Conscription
40:55 Winged Hussar
46:09 Lechitic Legacy
50:13 Ballistics
50:53 Chemistry
49:46 Fletching
51:12 Hand Cart
51:58 Caravan
55:17 Bodkin Arrow
61:49 Hoardings
61:58 Town Watch
64:12 Sanctity
63:52 Devotion
64:04 Fervor
64:09 Block Printing
64:30 Theocracy
63:51 Herbal Medicine
64:14 Fervor
64:07 Devotion
64:53 Block Printing
66:28 Theocracy
77:28 Redemption
guarnere44
7:24 Loom
9:52 Feudal Age
17:18 Castle Age
15:55 Double-Bit Axe
17:37 Fletching
18:13 Bodkin Arrow
18:34 Crossbowman
20:33 Bow Saw
21:39 Gold Mining
22:04 Padded Archer Armor
29:57 Ballistics
30:25 Horse Collar
31:50 Wheelbarrow
37:05 Imperial Age
37:16 Leather Archer Armor
38:06 Bracer
37:53 Arbalester
39:18 Stone Mining
41:18 Two-Man Saw
40:41 Hand Cart
40:26 Capped Ram
42:11 Elite Longbowman
43:13 Yeomen
44:35 Ring Archer Armor
46:30 Chemistry
47:56 Conscription
48:55 Caravan
Connection lost

Rejoining the realm…

Still unreachable

The connection could not be restored.

Session expired

The server has moved on; the page needs a fresh start.